 Dungeon Crawl Stone Soup version 0.31-a0-187-gba352fbbf7 (webtiles) character file.

Game seed: 2619624905923374827

149 jt the Trooper (level 5, 0/43 HPs)
             Began as a Djinni Delver on June 22, 2023.
             Was a Believer of Qazlal.
             Slain by a gnoll
             ... wielding a +0 flail
              (8 damage)
             ... on level 2 of the Dungeon.
             The game lasted 00:08:25 (2789 turns).

jt the Trooper (Djinni Delver)                      Turns: 2789, Time: 00:08:25

Health: 0/43       AC:  4    Str: 11    XL:     5   Next: 56%
Gold:   80         EV: 12    Int: 14    God:    Qazlal [**....] SH:  2 Dex: 14

rFire   + + .        a - +0 short sword
rCold   x . .        (no shield)
rNeg    . . .        b - +0 leather armour
rPois   ∞            (no helmet)
rElec   .            (no cloak)
rCorr   .            h - +0 pair of gloves
SInv    .            (boots unavailable)
Will    .....        (no amulet)
Stlth   ++           (no ring)
HPRegen 0.27/turn    (no ring)
MPRegen 0.00/turn

%: infuse magic (-1 HP)
@: flying, hasted, very quick
A: sickness immunity, fire resistance 2, cold vulnerability 1, float, innate
caster, HP casting, extra vitality 1
a: Renounce Religion, Upheaval


You were on level 2 of the Dungeon.
You worshipped Qazlal.
Qazlal was pleased with you.
You visited 2 branches of the dungeon, and saw 6 of its levels.

You collected 80 gold pieces.

Inventory:

Hand Weapons
 a - a +0 short sword (weapon)
 f - a +0 trident
 k - a +0 falchion
Missiles
 i - 4 atropa-tipped darts
 j - 27 stones
 q - 6 silver boomerangs
Armour
 b - a +0 leather armour (worn)
 h - a +0 pair of gloves (worn)
 l - a +0 scale mail
Jewellery
 m - a ring of fire
Wands
 g - a wand of digging (3)
 t - a wand of flame (11)
Scrolls
 c - a scroll of fog
 d - a scroll of revelation
 n - a scroll of amnesia {unknown}
 o - 2 scrolls of poison
 p - a scroll of enchant armour {unknown}
 z - a scroll of teleportation {unknown}
Potions
 e - a potion of ambrosia {unknown}
 r - a potion of resistance {unknown}
 s - 3 potions of curing {unknown}
 u - a potion of mutation {unknown}
 v - a potion of degeneration {unknown}
 w - a potion of invisibility {unknown}
 x - a potion of haste


   Skills:
 + Level 5.2 Fighting
 + Level 2.3 Short Blades
 + Level 1.1 Armour
 - Level 2.1 Dodging
 - Level 4.1 Stealth
 + Level 0.4 Spellcasting
 + Level 0.4 Conjurations
 + Level 0.4 Hexes
   Level 0.0 Charms
 + Level 0.4 Summonings
 + Level 0.4 Necromancy
 + Level 0.4 Translocations
 + Level 0.4 Transmutations
 + Level 0.4 Fire Magic
 + Level 0.4 Ice Magic
 + Level 0.4 Air Magic
 + Level 0.4 Earth Magic
 + Level 0.4 Poison Magic


You knew the following spells:

 Your Spells              Type           Power      Damage    Failure   Level
a - Necrotise             Necr           4%         1d4       30%         1
b - Call Imp              Summ           2%         N/A       43%         2
Your spell library was empty.

Dungeon Overview and Level Annotations

Branches:
Dungeon (5/15)             Temple (1/1) D:5

Altars:
Cheibriados
Fedhas
Nemelex Xobeh
Okawaru
Qazlal
Xom
Yredelemnul
Zin


Innate Abilities, Weirdness & Mutations

You are immune to sickness and miasma.
You are immune to poison.
Your flesh is very heat resistant. (rF++)
You are vulnerable to cold. (rC-)
You float through the air rather than walking.
You learn spells naturally, not from books.
Your magical power is your life essence.
You have superior vitality. (+4 MHP)


Message History

Press: ? - help, Shift-Dir - straight line, f - gnoll
Aim: a gnoll, wielding a +0 flail (64% to hit)
You throw a poisoned dart.
The poisoned dart barely misses the gnoll.
Throw: 3 darts (poison)
Press: ? - help, Shift-Dir - straight line, f - gnoll, p - gnoll
Aim: a gnoll, wielding a +0 halberd (64% to hit)
You throw a poisoned dart. The poisoned dart hits the gnoll.
Throw: 2 darts (poison)
Press: ? - help, Shift-Dir - straight line, f - gnoll, p - gnoll
Aim: a gnoll, wielding a +0 spear (64% to hit)
You throw a poisoned dart. The poisoned dart hits the gnoll.
The gnoll is poisoned.
Throw: dart (poison)
Press: ? - help, Shift-Dir - straight line, f/p - gnoll
Aim: a gnoll, wielding a +0 spear (64% to hit)
You throw a poisoned dart. The poisoned dart hits the gnoll.
The gnoll looks even sicker.
The gnoll is lightly wounded.
You hit the gnoll.
The gnoll is heavily wounded.
The gnoll closely misses you.
The gnoll hits you from afar with a +0 halberd!
You hit the gnoll.
The gnoll is heavily wounded.
The gnoll misses you.
The gnoll hits you from afar with a +0 halberd.
You completely miss the gnoll.
The gnoll is heavily wounded.
The gnoll hits you with a +0 flail! The gnoll closely misses you.
You hit the gnoll but do no damage.
The gnoll is heavily wounded.
You closely miss the gnoll.
The gnoll is heavily wounded.
The gnoll hits you with a +0 flail!
The gnoll hits you from afar with a +0 halberd!
* * * LOW HITPOINT WARNING * * *
The gnoll attacks as you move away! The gnoll closely misses you.
You feel yourself speed up. The gnoll hits you with a +0 flail!
You die...

###### #.# ########.##
#.......g.# ####### #
#.######..# #.....# ###.#
#g.# #.###.# #####
.##.######..# #.###.###
#....
#.......##((####.......#
###.###
.##.###.....gggg.☼##.#.#
#...... ###.#
##.....###@###.#.####.#.#..
# #.#####...##
#.##......##.#.#.# #
#.........#
#.....#.#.##...... #
########.##
####.##.#.####.#.# # #.#
#.##.#.# #.... # ##'##
#.##.#.# ###.# # ##...##
#......# #... ## ##.....##
####.### #... .##
##......<## ##.#.# #...


You could see 4 gnolls.

Vanquished Creatures
  A hound (D:4)
  5 adders
  A worm (D:2)
  A dart slug (D:2)
  4 orcs (D:5)
  7 ball pythons
  4 endoplasms
  3 giant cockroaches
  4 goblins
  8 hobgoblins
  8 jackals
  6 bats
  3 frilled lizards
  3 kobolds
  4 rats
62 creatures vanquished.

Notes
Turn   | Place    | Note
-------+----------+-------------------------------------------
     0 | D:5      | jt the Djinni Delver began the quest for the Orb.
     0 | D:5      | Reached XP level 1. HP: 20/20 MP: 0/0
     3 | D:5      | Found a staircase to the Ecumenical Temple.
    20 | Temple   | Entered the Ecumenical Temple
   112 | Temple   | Became a worshipper of Qazlal Stormbringer
   246 | D:5      | Reached XP level 2. HP: 17/25 MP: 0/0
   325 | D:5      | Noticed an ogre
   332 | D:5      | Found a snail-covered altar of Cheibriados.
   348 | D:4      | Reached skill level 4 in Fighting
   348 | D:4      | Reached XP level 3. HP: 19/31 MP: 0/0
   348 | D:4      | Learned a level 1 spell: Necrotise
   421 | D:3      | Reached XP level 4. HP: 38/38 MP: 0/0
   597 | D:2      | Reached skill level 5 in Fighting
   768 | D:2      | Reached * piety under Qazlal
  1244 | D:1      | Reached XP level 5. HP: 40/43 MP: 0/0
  1244 | D:1      | Learned a level 2 spell: Call Imp
  2296 | D:2      | Found a shimmering altar of Xom.
  2345 | D:2      | Reached skill level 1 in Armour
  2593 | D:2      | Reached ** piety under Qazlal
  2789 | D:2      | Slain by a gnoll

Illustrated notes

Levels and vault maps discovered:
D:1:      psy_arrival_fountain, layout_basic, minmay_misc_feat_four_crosses,
          kennysheep_decorative_pillar, serial_bayou_pond_d, lemuel_flame_loot_1
D:2:      layout_loops_corners, basic_altar
D:3:      layout_basic, nicolae_ru_path_of_blood,
          mainiacjoe_overflow_concentric_impassable, serial_shops, shop,
          uniq_crazy_yiuf_cottage
D:4:      layout_loops_cross, dancing_weapons_uskayaw
D:5:      layout_rooms, kennysheep_slug_shrine, temple_fountains
Temple:   dpeg_three_leaves_temple

Skill      XL: |  1  2  3  4  5 |
---------------+----------------+-----
Fighting       | 4 5 |  5.2
Short Blades   | 2 |  2.3
Armour         | 1 |  1.1
Dodging        | |  2.1
Stealth        | |  4.1
Spellcasting   | |  0.4
Conjurations   | |  0.4
Hexes          | |  0.4
Summonings     | |  0.4
Necromancy     | |  0.4
Translocations | |  0.4
Transmutations | |  0.4
Fire Magic     | |  0.4
Ice Magic      | |  0.4
Air Magic      | |  0.4
Earth Magic    | |  0.4
Poison Magic   | |  0.4

Action                     |  1- 3 |  4- 6 || total
---------------------------+-------+-------++-------
  Melee: Short sword       |    52 |   326 ||   378
         Punch             |       |     3 ||     3
  Throw: Dart              |       |     8 ||     8
   Cast: Necrotise         |     1 |     2 ||     3
    Use: Potion            |     1 |     1 ||     2
         Scroll            |     1 |     2 ||     3
 Armour: Leather armour    |    16 |    84 ||   100
  Dodge: Dodged            |    46 |   203 ||   249
  Block: Other             |       |    12 ||    12

Table legend: (Time is in decaauts)
 A = Elapsed time spent in this place.
 B = Non-inter-level travel time spent in this place.
 C = Inter-level travel time spent in this place.
 D = Time resting spent in this place.
 E = Time spent auto-exploring this place.
 F = Levels seen in this place.
 G = Mean time per level.
                   A        B        C        D        E       F      G
               +--------+--------+--------+--------+--------+-----+--------+
         Total |   2731 |   2708 |     23 |    428 |   1212 |   6 |  455.2 |
       Dungeon |   2625 |   2602 |     23 |    428 |   1212 |   5 |  525.0 |
        Temple |    105 |    105 |      0 |      0 |      0 |   1 |  105.0 |
               +--------+--------+--------+--------+--------+-----+--------+

Top non-repeatable levels by time:
     D:2: 1131 daAuts
     D:1: 1011 daAuts
     D:5: 206 daAuts
     D:3: 202 daAuts
  Temple: 105 daAuts
     D:4: 73 daAuts
